 Dungeon Crawl Stone Soup version 0.23-a0-577-g2b1de94 (webtiles) character file.

2739 Gorice the Spear-Bearer (level 9, -7/68 HPs)
             Began as a Minotaur Wanderer on Dec 15, 2018.
             Was a Follower of Makhleb.
             Mangled by a komodo dragon (20 damage)
             ... on level 8 of the Dungeon.
             The game lasted 00:24:38 (8093 turns).

Gorice the Spear-Bearer (Minotaur Wanderer)         Turns: 8093, Time: 00:24:39

Health: -7/68      AC: 17    Str: 18    XL:     9   Next: 40%
Magic:  11/11      EV:  6    Int: 10    God:    Makhleb [*.....]
Gold:   384        SH:  0    Dex: 11    Spells: 12/12 levels left

rFire    . . .     SeeInvis .   a - +0 trident
rCold    . . .     Gourm    .   (no shield)
rNeg     . . .     Faith    .   B - +0 plate armour
rPois    +         Spirit   .   (helmet restricted)
rElec    .         Reflect  .   A - +1 cloak
rCorr    .         Harm     .   (no gloves)
MR       .....                  y - +0 pair of boots
Stlth    ..........             (no amulet)
HPRegen  0.21/turn              p - ring of poison resistance
MPRegen  0.12/turn              (no ring)

@: no status effects
A: retaliatory headbutt, horns 2
a: Renounce Religion


You were on level 8 of the Dungeon.
You worshipped Makhleb.
Makhleb was aware of your devotion.
You were not hungry.

You visited 2 branches of the dungeon, and saw 9 of its levels.

You collected 384 gold pieces.

Inventory:

Hand Weapons
 a - a +0 trident (weapon)
 i - a +1 dagger of freezing
   (You found it on level 1 of the Dungeon)
 x - a +3 war axe
 F - a cursed +4 spear
 H - a +3 hand axe of freezing
   (You took it off a wight on level 7 of the Dungeon)
 K - a +0 battleaxe
Missiles
 c - 6 silver javelins
 w - 10 tomahawks (quivered)
 Y - 134 stones
Armour
 y - a +0 pair of boots (worn)
 A - a +1 cloak (worn)
 B - a +0 plate armour (worn)
Jewellery
 p - a ring of poison resistance (left hand)
 I - an uncursed ring of ice
Wands
 C - a wand of clouds (3)
 D - a wand of iceblast (6)
Scrolls
 h - 2 scrolls of teleportation {!r}
 l - 2 scrolls of enchant armour
 t - a scroll of blinking
Potions
 e - 2 potions of magic {!q}
 j - 2 potions of heal wounds {!q}
 k - a potion of haste {unknown}
 m - 2 potions of cancellation {!q}
 q - a potion of mutation {unknown}
 s - 3 potions of curing
 u - a potion of agility {unknown}
 v - 2 potions of brilliance {!q}
 E - 2 potions of lignification {!q}
Comestibles
 f - 11 rations


   Skills:
 - Level 2.4 Fighting
 + Level 11.7 Polearms
 - Level 1.0 Throwing
 + Level 8.7 Armour
 - Level 1.1 Dodging
   Level 1.2 Shields
 - Level 2.1 Spellcasting
   Level 1.0 Hexes
   Level 1.0 Air Magic
 + Level 3.2 Invocations


You had 12 spell levels left.
You didn't know any spells.
Your spell library contained the following spells:

 Spells                   Type           Power        Failure   Level  Hunger
 Corona                   Hex            #......      99%         1    ##.....
 Ensorcelled Hibernation  Hex/Ice        #.....       100%        2    ###....
 Confuse                  Hex            #.......     100%        3    ####...
 Dazzling Spray           Conj/Hex       #.....       100%        3    ####...
 Tukima's Dance           Hex            #.......     100%        3    ####...


Dungeon Overview and Level Annotations

Branches:
Dungeon (8/15)             Temple (1/1) D:6
   Lair: D:8-11

Altars:
Ashenzari
Cheibriados
Dithmenos
Elyvilon
Fedhas
Gozag
Hepliaklqana
Kikubaaqudgha
Makhleb
Nemelex Xobeh
Okawaru
Qazlal
Ru
Sif Muna
Trog
Uskayaw
Vehumet
Wu Jian
Xom
Yredelemnul
Zin
The Shining One

Shops:
D:5 =

Annotations:
D:5 3 runed doors, Amnesiac's ghost, weakling SpEn; Stiffzip's ghost, weakling SpAK


Innate Abilities, Weirdness & Mutations

You reflexively headbutt those who attack you in melee.
You have a pair of horns on your head.


Message History

You see here a +0 spear.
There is a stone staircase leading down here.
As you read the scroll labeled HISKIJ UHIXT, it crumbles to dust.
You feel blessed for a moment.
It was a scroll of remove curse.
As you read the scroll of identify, it crumbles to dust.
v - 2 potions of brilliance Drop what? 35/52 slots (_ for help) (? for menu, Esc to quit)
You drop a +0 spear.
You drop a +0 robe.
You drop a +1 ring mail.
You drop 46 bolts.
You drop a +0 chain mail.
You drop a +2 hand axe of freezing.
Okay, then.
There is a stone staircase leading down here.
You climb downwards.
You hear the hiss of flowing sand.
There is an entrance to an ossuary on this level.
Hurry and find it before the
There is a stone staircase leading up here.
Unknown command.
Okay, then.
Found a stone staircase leading up.
A komodo dragon comes into view.
The komodo dragon hisses angrily.
You puncture the komodo dragon! Your headbutt misses the komodo dragon.
The komodo dragon is lightly wounded.
The komodo dragon barely misses you.
You hit the komodo dragon but do no damage.
Your headbutt misses the komodo dragon.
The komodo dragon is lightly wounded.
The komodo dragon bites you!
Damage: 17 (max 17)
You barely miss the komodo dragon.
The komodo dragon is lightly wounded.
You completely miss the komodo dragon. You headbutt the komodo dragon.
The komodo dragon is moderately wounded.
The komodo dragon bites you!!
* * * LOW HITPOINT WARNING * * *
Damage: 19 (max 19)
You hit the komodo dragon.
The komodo dragon is moderately wounded.
The komodo dragon bites you!!
* * * LOW HITPOINT WARNING * * *
Damage: 20 (max 20)
You hit the komodo dragon.
The komodo dragon is heavily wounded.
You hit the komodo dragon but do no damage.
The komodo dragon is heavily wounded.
The komodo dragon bites you!!
You die...

#######+# #.......####
. #.......##.#####
##..#
#....<.........###...#
#.......###.###.@l#
#.......# ### #####
###+###.# ..# #<.#
#... #... ##... #...


You could see a komodo dragon.

Vanquished Creatures
  Sigmund (D:5)
  Menkaure (D:4)
  A water moccasin (D:6)
  Duvessa (D:5)
  An ice beast (D:5)
  A black bear (D:7)
  2 orc warriors
  An ogre (D:7)
  3 centaurs
  A bullfrog (D:6)
  A big kobold (D:7)
  Dowan (D:5)
  A scorpion (D:5)
  8 wights
  A crimson imp (D:6)
  A quasit (D:3)
  A bullfrog skeleton (D:6)
  Crazy Yiuf (D:5)
  A gnoll shaman (D:7)
  3 centaur skeletons
  A hound (D:4)
  6 orc priests
  5 orc wizards
  6 worker ants
  A killer bee zombie (D:4)
  A hound zombie (D:7)
  7 gnolls
  9 adders
  An adder zombie (D:7)
  5 worms
  6 leopard geckos
  25 orcs
  2 ball pythons (D:3)
  9 giant cockroaches
  6 goblins
  9 hobgoblins
  6 jackals (D:6)
  4 kobolds
  6 quokkas
  12 bats
  4 frilled lizards
  A giant cockroach zombie (D:5)
  A leopard gecko skeleton (D:4)
  A quokka skeleton (D:4)
  A quokka zombie (D:5)
  7 rats
174 creatures vanquished.

Vanquished Creatures (others)
  2 withered plants (D:5)
2 creatures vanquished.

Grand Total: 176 creatures vanquished

Notes
Turn   | Place    | Note
-------+----------+-------------------------------------------
     0 | D:1      | Gorice the Minotaur Wanderer began the quest for the Orb.
     0 | D:1      | Gorice set off with the following items: a +0 spear, a
                  | potion of lignification {!q}, a +0 robe, a ration; and the
                  | following spell memorised: Corona; and the following spells
                  | available to memorise: Ensorcelled Hibernation, Confuse,
                  | Tukima's Dance, Dazzling Spray
     0 | D:1      | Reached XP level 1. HP: 18/18 MP: 2/2
    61 | D:1      | Reached skill level 1 in Polearms
   282 | D:1      | Reached XP level 2. HP: 25/25 MP: 4/4
   321 | D:1      | Reached skill level 2 in Polearms
   677 | D:1      | Reached skill level 1 in Armour
   881 | D:2      | Reached XP level 3. HP: 11/30 MP: 5/5
   884 | D:2      | HP: 13/45 [poisoned by an adder]
   890 | D:2      | HP: 10/45 [poisoned by an adder]
   897 | D:2      | HP: 8/45 [poisoned by an adder]
   904 | D:2      | HP: 7/45 [poisoned by an adder]
   912 | D:2      | HP: 6/45 [poisoned by an adder]
  1205 | D:2      | Reached skill level 3 in Polearms
  1496 | D:2      | Reached skill level 2 in Armour
  1811 | D:3      | Found a sparkling altar of Nemelex Xobeh.
  1817 | D:3      | Reached XP level 4. HP: 29/37 MP: 6/6
  1978 | D:3      | Reached skill level 4 in Polearms
  2226 | D:3      | Reached XP level 5. HP: 34/42 MP: 7/7
  2238 | D:3      | Reached skill level 3 in Armour
  2306 | D:3      | Reached skill level 5 in Polearms
  2423 | D:3      | Found a hide-covered altar of Uskayaw.
  2739 | D:4      | Noticed Menkaure
  2757 | D:4      | Killed Menkaure
  2757 | D:4      | Reached skill level 6 in Polearms
  2757 | D:4      | Reached XP level 6. HP: 36/50 MP: 8/8
  2783 | D:4      | Reached skill level 4 in Armour
  3264 | D:4      | Reached skill level 7 in Polearms
  3442 | D:4      | Reached XP level 7. HP: 49/56 MP: 9/9
  3649 | D:4      | Found a blossoming altar of Fedhas.
  3649 | D:4      | Found a snail-covered altar of Cheibriados.
  3655 | D:4      | Found a glowing golden altar of the Shining One.
  3657 | D:4      | Found an ancient bone altar of Kikubaaqudgha.
  3659 | D:4      | Found a white marble altar of Elyvilon.
  4041 | D:5      | Entered Level 5 of the Dungeon
  4068 | D:5      | Reached skill level 5 in Armour
  4197 | D:5      | Found a runed gate.
  4198 | D:5      | Found a runed gate.
  4198 | D:5      | Found a runed gate.
  4199 | D:5      | Noticed Amnesiac's ghost (weakling SpEn)
  4200 | D:5      | Noticed Stiffzip's ghost (weakling SpAK)
  4221 | D:5      | Noticed Sigmund
  4261 | D:5      | Killed Sigmund
  4261 | D:5      | Reached skill level 8 in Polearms
  4449 | D:5      | Noticed Dowan
  4449 | D:5      | Noticed Duvessa
  4474 | D:5      | Killed Duvessa
  4490 | D:5      | Killed Dowan
  4734 | D:5      | Reached skill level 9 in Polearms
  4734 | D:5      | Reached skill level 6 in Armour
  4866 | D:5      | Found Vieg's Jewellery Shop.
  4957 | D:5      | Found a runed door.
  4961 | D:5      | Noticed Crazy Yiuf
  4970 | D:5      | Killed Crazy Yiuf
  4970 | D:5      | Reached XP level 8. HP: 51/62 MP: 10/10
  5544 | D:6      | Reached skill level 10 in Polearms
  5556 | D:5      | Reached skill level 7 in Armour
  5995 | D:6      | Found a staircase to the Ecumenical Temple.
  6016 | Temple   | Entered the Ecumenical Temple
  6238 | Temple   | Became a worshipper of Makhleb the Destroyer
  6290 | D:6      | Reached skill level 11 in Polearms
  6687 | D:6      | Found a sacrificial altar of Ru.
  7093 | D:7      | Reached skill level 1 in Invocations
  7093 | D:7      | Reached XP level 9. HP: 51/68 MP: 11/11
  7196 | D:7      | Reached skill level 8 in Armour
  7379 | D:7      | Reached skill level 2 in Invocations
  7404 | D:7      | Found a shadowy altar of Dithmenos.
  7609 | D:7      | Reached skill level 3 in Invocations
  7664 | D:7      | Reached * piety under Makhleb
  7840 | D:7      | Found a hazy altar of Hepliaklqana.
  7840 | D:7      | Found a radiant altar of Vehumet.
  8085 | D:8      | Noticed a komodo dragon
  8091 | D:8      | HP: 12/68 [komodo dragon (20)]
  8093 | D:8      | Mangled by a komodo dragon

Vault maps used:
D:1:      lightli_arrival_maybe_door_vault
D:3:      nicolae_overflow_crystal_walls, lemuel_crystal_altar
D:4:      chequers_temple_overflow_minitemple, first_ration, grunt_ministairs_6,
          st_stairs_8, uniq_menkaure
D:5:      serial_shops, shop, gammafunk_ghost_cemetery, grunt_decor_one_mirror,
          uniq_crazy_yiuf_cottage, uniq_sigmund, uniq_duvessa
D:6:      nicolae_ru_sacrificial_ziggurat, minmay_temple_entry_metal_lava,
          minmay_misc_feat_enclosed, kennysheep_generic_room_7
D:7:      grunt_dithmenos_smoke, gammafunk_temple_overflow_wave
D:8:      erik_lair_dragon, enter_ossuary_1, basic_altar, uniq_maurice
Temple:   minmay_temple_curvy_loop

Skill      XL: |  1  2  3  4  5  6  7  8  9 |
---------------+----------------------------+-----
Polearms       | 1 2 3 4 6 7 9 11 | 11.7
Armour         | 1 2 3 4 6 7 8 |  8.7
Invocations    | 1 3 |  3.2
Fighting       | |  2.4
Throwing       | |  1.0
Dodging        | |  1.1
Shields        | |  1.2
Spellcasting   | |  2.1
Hexes          | |  1.0
Air Magic      | |  1.0

Action                   |  1- 3 |  4- 6 |  7- 9 || total
-------------------------+-------+-------+-------++-------
Melee: Spear             |   124 |    14 |       ||   138
       Headbutt          |    11 |    21 |    79 ||   111
       Trident           |       |   204 |   449 ||   653
Throw: Javelin           |       |     7 |       ||     7
       Tomahawk          |       |       |    10 ||    10
  Use: Scroll            |     7 |     1 |     4 ||    12
       Potion            |     1 |       |       ||     1
  Eat: Chunk             |     3 |     5 |    15 ||    23
Armor: Ring mail         |    38 |     9 |       ||    47
       Robe              |     1 |       |       ||     1
       Chain mail        |       |   119 |    86 ||   205
       Plate armour      |       |       |    81 ||    81
Dodge: Dodged            |    42 |    76 |    76 ||   194

Table legend:
 A = Non-vault XP
 B = Vault XP
 C = Vault XP percentage of total XP
 D = Non-vault monster count
 E = Vault monster count
 F = Vault count percentage of total count
                 A         B        C        D         E       F
            +---------+---------+-------+---------+---------+-------
      Total |    3132 |     782 |  20.0 |     164 |      10 |   5.7
            +---------+---------+-------+---------+---------+-------
        D:1 |      29 |       0 |   0.0 |      19 |       0 |   0.0
        D:2 |      63 |       0 |   0.0 |      17 |       0 |   0.0
        D:3 |     183 |       0 |   0.0 |      34 |       0 |   0.0
        D:4 |     330 |     228 |  40.9 |      29 |       4 |  12.1
        D:5 |     654 |     429 |  39.6 |      17 |       4 |  19.0
        D:6 |     597 |     125 |  17.3 |      17 |       2 |  10.5
        D:7 |    1276 |       0 |   0.0 |      31 |       0 |   0.0
            +---------+---------+-------+---------+---------+-------

Table legend:
 A = Turns spent in this place as a percentage of turns spent in the entire game.
 B = Non-inter-level travel turns spent in this place as a percentage of non-inter-level travel turns spent in the entire game.
 C = Inter-level travel turns spent in this place as a percentage of turns spent in this place.
 D = Turns resting spent in this place as a percentage of non-inter-level travel turns spent in this place.
 E = Turns spent auto-exploring this place as a percentage of non-inter-level travel turns spent in this place.
 F = Non-inter-level travel turns spent in this place divided by the number of levels of this place that you've seen.
                   A       B       C       D       E      F
               +-------+-------+-------+-------+-------+----------------------
         Total | 100.0 | 100.0 |   3.7 |  19.8 |  52.3 | 866.3
       Dungeon |  97.0 |  97.6 |   3.0 |  20.3 |  51.2 | 951.5
        Temple |   3.0 |   2.4 |  24.8 |   0.0 |  98.4 | 185.0
               +-------+-------+-------+-------+-------+----------------------

Vault maps used:
D:1:      lightli_arrival_maybe_door_vault
D:3:      nicolae_overflow_crystal_walls, lemuel_crystal_altar
D:4:      chequers_temple_overflow_minitemple, first_ration, grunt_ministairs_6,
          st_stairs_8, uniq_menkaure
D:5:      serial_shops, shop, gammafunk_ghost_cemetery, grunt_decor_one_mirror,
          uniq_crazy_yiuf_cottage, uniq_sigmund, uniq_duvessa
D:6:      nicolae_ru_sacrificial_ziggurat, minmay_temple_entry_metal_lava,
          minmay_misc_feat_enclosed, kennysheep_generic_room_7
D:7:      grunt_dithmenos_smoke, gammafunk_temple_overflow_wave
D:8:      erik_lair_dragon, enter_ossuary_1, basic_altar, uniq_maurice
Temple:   minmay_temple_curvy_loop
